 Dungeon Crawl Stone Soup version 0.27.1-34-g3ba077fa99 (webtiles) character file.

Game seed: 13057335639022105137

5 chmiii the Skirmisher (level 1, 0/19 HPs)
             Began as a Palentonga Fighter on Jan 27, 2022.
             Slain by a jackal (1 damage)
             ... on level 1 of the Dungeon.
             The game lasted 00:01:32 (269 turns).

chmiii the Skirmisher (Palentonga Fighter)           Turns: 269, Time: 00:01:33

Health: 0/19       AC:  6    Str: 19    XL:     1   Next: 66%
Magic:  1/1        EV:  5    Int:  8    God:
Gold:   0          SH:  8    Dex:  9    Spells: 0/0 levels left

rFire    . . .     SeeInvis +   a - +0 war axe
rCold    . . .     Faith    .   c - +0 kite shield
rNeg     . . .     Spirit   .   b - +0 scale mail
rPois    .         Reflect  .   (no helmet)
rElec    .         Harm     .   (no cloak)
rCorr    .         Rampage  .   (no gloves)
Will     .....                  (no barding)
Stlth    ..........             (no amulet)
HPRegen  0.06/turn              (no ring)
MPRegen  0.07/turn              (no ring)

@: no status effects
A: large, rugged brown scales 3, see invisible, deformed body, roll 1, armoured
tail
a: Rolling Charge


You were on level 1 of the Dungeon.
You visited 1 branch of the dungeon, and saw 1 of its levels.

Inventory:

Hand Weapons
 a - a +0 war axe (weapon)
Armour
 b - a +0 scale mail (worn)
 c - a +0 kite shield (worn)
Potions
 d - a potion of might


   Skills:
 + Level 3.1 Fighting
 * Level 2.3 Axes
 - Level 2.4 Armour
 - Level 2.4 Shields


You couldn't memorise any spells.
You didn't know any spells.
Your spell library was empty.

Dungeon Overview and Level Annotations

Branches:
Dungeon (1/15)

Altars:


Innate Abilities, Weirdness & Mutations

You are completely covered in rugged brown scales. (AC +3, +7% HP)
You have supernaturally acute eyesight. (SInv)
Armour fits poorly on your strangely shaped body.
You can roll at nearby foes to attack.
You have a long armoured tail.


Message History

You block the jackal's attack. The quokka bites you.
The jackal bites you but does no damage.
You hit the quokka but do no damage.
Your shield and scale mail prevent you from hitting the jackal.
The quokka bites you but does no damage.
You block the jackal's attack. The jackal bites you.
The quokka bites you but does no damage.
The jackal barely misses you. You block the jackal's attack.
You closely miss the quokka. You hit the jackal. You closely miss the jackal.
The jackal bites you. The quokka barely misses you.
You block the jackal's attack. x2
The quokka bites you but does no damage.
The jackal barely misses you.
You are too injured to fight recklessly!
You are too injured to fight recklessly!
You are too injured to fight recklessly!
The jackal bites you.
* * * LOW HITPOINT WARNING * * *
You block the jackal's attack. You block the jackal's attack.
You block the jackal's attack.
An endoplasm comes into view.
The endoplasm jiggles.
You block the jackal's attack. You block the jackal's attack.
The jackal bites you.
* * * LOW HITPOINT WARNING * * *
Your shield prevents you from hitting the jackal.
The jackal bites you but does no damage.
The jackal bites you.
* * * LOW HITPOINT WARNING * * *
You barely miss the jackal.
The jackal bites you but does no damage. x2
You block the jackal's attack. The jackal barely misses you.
The endoplasm freezes you.
You are frozen.
* * * LOW HITPOINT WARNING * * *
The jackal bites you.
You die...

#.. #............###
#.. ##########....##
.........#.##
##########.# #.# ###
#.# #######.## #.#
#.####...##.#.#######.#
#......@hhr###hr...##.#
#.#.....J.## ##.......#
#........###.###.####
#..#...##.#h## #.#
#..#######.## #.# ...
#...# ###r### #.. #.###
#.....# #.. #. #....†#
# #.......


You could see an endoplasm, a quokka and 2 jackals.

Vanquished Creatures
  A ball python (D:1)
  An endoplasm (D:1)
  2 jackals (D:1)
4 creatures vanquished.

Vanquished Creatures (others)
  4 toadstools (D:1)
4 creatures vanquished.

Grand Total: 8 creatures vanquished

Notes
Turn   | Place    | Note
-------+----------+-------------------------------------------
     0 | D:1      | chmiii the Palentonga Fighter began the quest for the Orb.
     0 | D:1      | Reached XP level 1. HP: 19/19 MP: 1/1
   269 | D:1      | Slain by a jackal

Illustrated notes

Levels and vault maps discovered:
D:1:      psy_arrival_terrarium, layout_loops_ring, minmay_misc_feat_rugged,
          minmay_gold_behind_fungi

Action                   || total
-------------------------++-------
Melee: War axe           ||    12
Armor: Scale mail        ||    13
Dodge: Dodged            ||     4
Block: Kite shield       ||    13
